 Dungeon Crawl Stone Soup version 0.19-a0-990-gf36c7f1 (webtiles) character file.

18068 Implojin the Fighter (level 12, -7/132 HPs)
             Began as a Troll Fighter on July 14, 2016.
             Was a High Priest of Okawaru.
             Mangled by an ettin
             ... wielding a +0 dire flail
              (41 damage)
             ... on level 15 of the Dungeon.
             The game lasted 00:23:44 (3176 turns).

Implojin the Fighter (Troll Fighter)                Turns: 3176, Time: 00:23:45

Health: -7/132     AC: 10    Str: 27    XL:     12   Next: 24%
Magic:  11/13      EV: 12    Int:  4    God:    Okawaru [*****.]
Gold:   134        SH: 19    Dex: 13    Spells: 0 memorised, 11 levels left

rFire  . . .     SeeInvis .       - Unarmed
rCold  . . .     Gourm    +     v - +1 robe {MR+}
rNeg   . . .     Faith    .     I - +0 large shield
rPois  .         Spirit   .     (helmet restricted)
rElec  .         Dismiss  .     K - +0 cloak
rCorr  .         Reflect  .     (gloves unavailable)
SustAt .         Harm     .     (boots unavailable)
MR     +....                    F - amulet of magic regeneration
Stlth  ++........               M - +1 ring of protection
                                o - +2 ring of protection

@: heroism, somewhat resistant to hostile enchantments, unstealthy
A: unfitting armour, claws 3, fast metabolism 3, gourmand, regeneration 2,
shaggy fur 1, tough skin 2
a: Heroism, Finesse, Renounce Religion


You were on level 15 of the Dungeon.
You worshipped Okawaru.
Okawaru was extremely pleased with you.
You were not hungry.

You visited 1 branch of the dungeon, and saw 15 of its levels.
You also visited: Ice Cave.

You collected 264 gold pieces.
You spent 130 gold pieces at shops.

Inventory:

Hand Weapons
 k - a +2 flail of crushing
 u - a cursed -2 hand axe
 y - a +4 blowgun
 z - a +0 short sword of distortion
 H - a +4 scimitar of flaming
Missiles
 r - 6 tomahawks (quivered)
 w - 10 curare-tipped needles
 C - 4 large rocks
Armour
 b - a +0 shield
 e - the +0 hat "Ureeloas" {*Confuse Dex+4}
   (Okawaru gifted it to you on level 15 of the Dungeon)

   It affects your dexterity (+4).
   It may confuse you when you take damage.
 v - a +1 robe of magic resistance (worn)
 I - a +0 large shield (worn)
 K - a +0 cloak (worn)
Jewellery
 o - a +2 ring of protection (left claw)
 A - an uncursed amulet of dismissal
 F - an amulet of magic regeneration (around neck)
 M - a +1 ring of protection (right claw)
 N - an uncursed ring of protection from cold
Wands
 a - a wand of paralysis (15/24)
 c - a wand of acid (5/15)
 l - a wand of lightning (12/15)
 p - a wand of flame (2/48)
 s - a wand of enslavement (4/24)
Scrolls
 h - a scroll of magic mapping
 n - a scroll of amnesia {unknown}
 x - a scroll of remove curse
 D - a scroll of recharging {unknown}
Potions
 m - a potion of cure mutation
 t - a potion of cancellation
 B - a potion of curing
 G - a potion of resistance
 J - 2 potions of agility
 L - a potion of haste {unknown}
Books
 g - a book of Changes

   Spells                             Type                      Level
   a - Beastly Appendage              Transmutation                1
   b - Sticks to Snakes               Transmutation                2
   c - Spider Form                    Transmutation/Poison         3
   d - Ice Form                       Ice/Transmutation            4
   e - Blade Hands                    Transmutation                5
 E - a book of Air

   Spells                             Type                      Level
   a - Shock                          Conjuration/Air              1
   b - Swiftness                      Charms/Air                   2
   c - Repel Missiles                 Charms/Air                   2
   d - Static Discharge               Conjuration/Air              3
   e - Lightning Bolt                 Conjuration/Air              5
Comestibles
 d - 5 bread rations
 f - a beef jerky
 i - 5 meat rations
 j - 9 slices of pizza
 q - 7 chunks of flesh


   Skills:
 - Level 12.1(17.1) Fighting
 - Level 2.4(7.4) Dodging
 * Level 6.6(11.6) Shields
 - Level 12.0(17.0) Unarmed Combat
 - Level 2.9 Invocations


You had 11 spell levels left.
You didn't know any spells.

Dungeon Overview and Level Annotations

Branches:
Dungeon (15/15)              Lair (0/6) D:11            Orc (0/2) D:11
 Temple: D:4-7       Vaults: D:13-14     Depths: D:15

Altars:
Ashenzari
Fedhas
Okawaru
Qazlal
Yredelemnul
The Shining One

Shops:
D:5 %(%   D:9 :   D:11 =

Annotations:
D:12 exclusion: upstairs
D:13 exclusion: upstairs
D:15 exclusion: Roxanne, Roxanne


Innate Abilities, Weirdness & Mutations

You are too large for most types of armour.
You have claws for hands.
Your metabolism is lightning-fast.
You like to eat raw meat.
You heal very quickly.
You are covered in fur. (AC +1)
You have very tough skin. (AC +2)


Message History

You feel more confident with your borrowed prowess.
The yaktaur shouts!
You claw the ettin!
The ettin is lightly wounded.
You claw the ettin!
The ettin is moderately wounded.
The ettin hits you with a dire flail!!
* * * LOW HITPOINT WARNING * * *
The ettin hits you with a dire flail!!!
* * * LOW HITPOINT WARNING * * *
A hell knight comes into view. It is wielding a great mace of flaming.
Unknown command.
Okay, then.
Okay, then.
Okay, then.
Enter note: :welp
Items here: ( )) [ † a shortbow; an uncursed dagger; 19 arrows; a leather armour; an elf corpse
Found a robe.
The yaktaur wields an arbalest.
The yaktaur shoots a bolt.
The bolt barely misses you.
There is a stone staircase leading up here.
You see here a bolt.
You scratch the ettin.
The ettin is moderately wounded.
The ettin hits you with a dire flail.
* * * LOW HITPOINT WARNING * * *
You block the ettin's attack.
Unknown command.
You feel like a meek peon again.
Found a stone staircase leading up.
You gain the combat prowess of a mighty hero.
You block the ettin's attack. The ettin closely misses you.
Unknown command.
Unknown command.
Unknown command.
You scratch the ettin.
The ettin is lightly wounded.
The ettin hits you with a dire flail!!!
You die...

#..#.# ......#. #..#.#
#.##...#. #.##)#
#.##...#.. ####[##.# #.#
#.....).# #.# .
####.##.# #.# #.#
#.##.###.## ..
##.........##.#...
#.@...............
######C########.##.##...
#.[..............#.## .#
#......##...............
##...............#.##..#
#.#.............#.##..#
#<#.#.......c..........
# #.#...#..##..)......#
......................


You could see an ettin.

Vanquished Creatures
  An ogre mage (D:15)
  Sonja (D:11)
  A deep elf archer (D:15)
  2 hill giants
  A manticore (D:15)
  6 ugly things (D:15)
  A cyclops (D:13)
  Joseph (D:10)
  A gargoyle (D:10)
  A centaur skeleton (D:15)
  Psyche (D:8)
  A komodo dragon (D:15)
  2 efreet
  A kobold demonologist (D:15)
  4 yaktaurs (D:15)
  A tengu conjurer (D:15)
  A troll (D:9)
  3 two-headed ogres (D:15)
  Prince Ribbit (D:6)
  3 polar bears
  A shadow (D:11)
  A wyvern (D:8)
  2 centaur simulacra (D:15)
  2 wraiths
  A human (D:10)
  2 hippogriffs (D:15)
  4 yaks
  A hungry ghost (D:15)
  4 vampire mosquitoes (D:15)
  A mottled dragon (D:14)
  2 ice beasts (D:15)
  6 orc warriors
  2 black bears
  2 sky beasts
  A wasp (D:12)
  5 wolves (IceCv)
  2 centaurs (D:8)
  4 ogres
  2 crocodiles
  10 giant frogs
  2 wyvern skeletons
  3 scorpions
  A howler monkey (D:6)
  3 centaur zombies
  A crimson imp (D:15)
  4 jellies
  A giant frog skeleton (D:8)
  2 hounds
  6 orc priests
  5 orc wizards
  2 iguanas
  5 worker ants
  4 sheep (D:13)
  3 gnolls (D:9)
  3 adders
  2 river rats (D:11)
  A shadow imp (D:8)
  An adder zombie (D:8)
  2 worms
  A giant gecko (D:8)
  23 orcs
  10 bats (D:11)
  A giant cockroach (D:2)
  A hobgoblin (D:2)
  3 quokkas
  A kobold (D:2)
  3 rats (D:11)
183 creatures vanquished.

Vanquished Creatures (others)
  A plant (D:11)
1 creature vanquished.

Grand Total: 184 creatures vanquished

Notes
Turn   | Place    | Note
-------+----------+-------------------------------------------
     0 | D:1      | Implojin the Troll Fighter began the quest for the Orb.
     0 | D:1      | Reached XP level 1. HP: 22/22 MP: 0/0
    31 | D:2      | Found a stormy altar of Qazlal.
    58 | D:3      | Found a basalt altar of Yredelemnul.
    63 | D:3      | Found a glowing golden altar of the Shining One.
    85 | D:4      | Reached XP level 2. HP: 29/29 MP: 1/1
   150 | D:5      | Entered Level 5 of the Dungeon
   150 | D:5      | Found Buschypp's Food Emporium.
   167 | D:5      | Noticed a giant frog
   174 | D:5      | Killed a giant frog
   174 | D:5      | Reached skill level 4 in Unarmed Combat
   174 | D:5      | Reached XP level 3. HP: 31/36 MP: 2/2
   174 | D:5      | Reached XP level 4. HP: 38/44 MP: 3/3
   194 | D:5      | Found Hituph's Food Shoppe.
   196 | D:5      | Found Miket's Weapon Boutique.
   206 | D:5      | Noticed an ogre
   211 | D:5      | Killed an ogre
   211 | D:5      | Reached skill level 5 in Unarmed Combat
   211 | D:5      | Reached XP level 5. HP: 50/50 MP: 4/4
   214 | D:5      | Found an iron altar of Okawaru.
   216 | D:5      | Found a shattered altar of Ashenzari.
   231 | D:5      | Became a worshipper of Warmaster Okawaru
   232 | D:5      | :nice
   254 | D:6      | Reached skill level 6 in Unarmed Combat
   277 | D:6      | Noticed an orc warrior
   284 | D:6      | Killed an orc warrior
   284 | D:6      | Reached XP level 6. HP: 45/59 MP: 5/5
   302 | D:6      | Reached * piety under Okawaru
   302 | D:6      | Reached skill level 7 in Unarmed Combat
   304 | D:6      | Noticed Prince Ribbit
   310 | D:6      | Killed Prince Ribbit
   310 | D:6      | Reached skill level 8 in Unarmed Combat
   310 | D:6      | Reached XP level 7. HP: 19/66 MP: 6/6
   384 | D:8      | Reached ** piety under Okawaru
   407 | D:8      | Reached skill level 9 in Unarmed Combat
   466 | D:8      | Reached XP level 8. HP: 40/74 MP: 4/7
   530 | D:8      | Noticed Psyche
   537 | D:8      | Killed Psyche
   537 | D:8      | Reached skill level 10 in Unarmed Combat
   575 | D:8      | Reached skill level 11 in Unarmed Combat
   715 | D:8      | Reached *** piety under Okawaru
   718 | D:8      | Reached XP level 9. HP: 49/80 MP: 5/8
   954 | D:8      | :jfc
   971 | D:8      | Reached skill level 12 in Unarmed Combat
  1146 | D:9      | Reached skill level 3 in Fighting
  1221 | D:9      | Noticed a troll
  1229 | D:9      | Killed a troll
  1229 | D:9      | Reached skill level 4 in Fighting
  1317 | D:10     | Entered Level 10 of the Dungeon
  1412 | D:9      | Found Fukk's Book Shop.
  1436 | D:10     | Reached skill level 5 in Fighting
  1484 | D:10     | Noticed Joseph
  1505 | D:10     | Killed Joseph
  1505 | D:10     | Reached skill level 6 in Fighting
  1507 | D:10     | :rip qiglaf
  1532 | D:10     | Reached **** piety under Okawaru
  1582 | D:11     | Found Wuing's Jewellery Shop.
  1589 | D:11     | Noticed a polar bear
  1598 | D:11     | Killed a polar bear
  1610 | D:11     | Reached skill level 7 in Fighting
  1610 | D:11     | Reached XP level 10. HP: 94/102 MP: 7/9
  1633 | D:11     | Bought a +2 ring of protection for 130 gold pieces
  1684 | D:11     | Noticed Sonja
  1722 | D:11     | Reached skill level 1 in Invocations
  1763 | D:10     | Noticed a gargoyle
  1770 | D:10     | Killed a gargoyle
  1770 | D:10     | Reached skill level 2 in Invocations
  1784 | D:11     | Found a staircase to the Lair.
  1843 | D:11     | Reached skill level 8 in Fighting
  1913 | D:11     | Killed Sonja
  1955 | D:11     | Reached skill level 9 in Fighting
  1997 | D:12     | Noticed a hill giant
  2002 | D:12     | Killed a hill giant
  2002 | D:12     | Reached ***** piety under Okawaru
  2048 | D:13     | Noticed a cyclops
  2061 | D:13     | Killed a cyclops
  2131 | D:14     | Noticed a fire crab
  2149 | D:13     | Noticed a hill giant
  2157 | D:13     | Killed a hill giant
  2157 | D:13     | Reached skill level 10 in Fighting
  2157 | D:13     | Reached XP level 11. HP: 114/117 MP: 9/12
  2381 | D:14     | Found a blossoming altar of Fedhas.
  2448 | D:15     | Entered Level 15 of the Dungeon
  2525 | D:15     | Received a gift from Okawaru
  2560 | D:15     | Noticed a red ugly thing
  2561 | D:15     | Noticed a red ugly thing
  2561 | D:15     | Noticed a red ugly thing
  2563 | D:15     | Noticed an ogre mage
  2565 | D:15     | Noticed a red ugly thing
  2566 | D:15     | Noticed a red ugly thing
  2581 | D:15     | Killed a red ugly thing
  2588 | D:15     | Killed a red ugly thing
  2588 | D:15     | Reached skill level 11 in Fighting
  2594 | D:15     | Noticed a red ugly thing
  2623 | D:15     | Killed an ogre mage
  2650 | D:15     | Killed a purple ugly thing
  2654 | D:15     | Killed a red ugly thing
  2663 | D:15     | Killed a brown ugly thing
  2663 | D:15     | Received a gift from Okawaru
  2668 | D:15     | Killed a brown ugly thing
  2668 | D:15     | Reached skill level 12 in Fighting
  2669 | D:15     | Got a crude hat {god gift}
  2701 | D:15     | Identified the +0 hat "Ureeloas" {*Confuse Dex+4} (Okawaru gifted it to you on level 15 of the Dungeon)
  2787 | D:15     | Noticed Roxanne
  2803 | D:15     | Reached skill level 3 in Shields
  2907 | D:15     | Reached skill level 4 in Shields
  2965 | D:15     | Reached XP level 12. HP: 112/132 MP: 13/13
  2967 | D:15     | Reached skill level 5 in Shields
  3010 | D:15     | Found a frozen archway.
  3019 | IceCv    | Entered an ice cave
  3055 | IceCv    | Reached skill level 6 in Shields
  3137 | D:15     | Noticed an ettin
  3142 | D:15     | :welp
  3176 | D:15     | Mangled by an ettin

Vault maps used:
D:1:      dpeg_arrival_stonehenge_8_columns
D:2:      grunt_qazlal_clouds, johnstein_pakellas_shop, ecumenical_altar_1
D:3:      grunt_temple_overflow_holy_war, lemuel_crystal_altar, first_bread,
          uniq_jessica
D:4:      hex_intersection
D:5:      cheibrodos_ashenzari_chains, serial_shops, nicolae_shop_trees, shop,
          shop, okawaru_metal_pillars_1_2
D:6:      kennysheep_windowed_goal, uniq_prince_ribbit1
D:8:      kennysheep_ambush_hall, uniq_psyche
D:9:      serial_shops, nicolae_shop_trees
D:10:     grunt_pizzeria, lightli_church_of_beogh, uniq_joseph
D:11:     grunt_lair_entry_orc_guard_hut, serial_ice, serial_ice_e,
          serial_ice_m, serial_ice_h, serial_ice_d, serial_shops, shop_coins,
          uniq_sonja
D:13:     giant_chief_lemuel
D:14:     minmay_coctagon, david_vaults_4, serial_bayou_pond_d,
          hangedman_tree_tricks
D:15:     hangedman_depths_entry_civil_slaughter,
          portal_ice_cave_entry_pillars_1, amethyst_killhole, uniq_roxanne
IceCv:    ice_cave_small_giant

Skill      XL: |  1  2  3  4  5  6  7  8  9 10 11 12 |
---------------+-------------------------------------+-----
Unarmed Combat | 4 5 6 8 9 11 12 | 12.0
Fighting       | 7 10 12 | 12.1
Invocations    | 2 |  2.9
Shields        | 4 6 |  6.6
Dodging        | |  2.4

Action                   |  1- 3 |  4- 6 |  7- 9 | 10-12 || total
-------------------------+-------+-------+-------+-------++-------
Melee: Unarmed           |    17 |    36 |   180 |   290 ||   523
Throw: Tomahawk          |       |       |       |     1 ||     1
Invok: Heroism           |       |       |    15 |    34 ||    49
  Use: Potion            |       |     1 |       |     2 ||     3
       Scroll            |       |       |     4 |     5 ||     9
 Stab: Sleeping          |       |       |       |     1 ||     1
  Eat: Chunk             |     3 |     2 |    14 |     8 ||    27
Armor: Robe              |       |     3 |    29 |    72 ||   104
       Skin              |       |       |       |     9 ||     9
Dodge: Dodged            |     3 |     9 |    42 |   101 ||   155
Block: Shield            |     8 |    13 |    50 |    78 ||   149
       Large shield      |       |       |       |    93 ||    93

Table legend:
 A = Turns spent in this place as a percentage of turns spent in the entire game.
 B = Non-inter-level travel turns spent in this place as a percentage of non-inter-level travel turns spent in the entire game.
 C = Inter-level travel turns spent in this place as a percentage of turns spent in this place.
 D = Turns resting spent in this place as a percentage of non-inter-level travel turns spent in this place.
 E = Turns spent auto-exploring this place as a percentage of non-inter-level travel turns spent in this place.
 F = Non-inter-level travel turns spent in this place divided by the number of levels of this place that you've seen.
                   A       B       C       D       E      F
               +-------+-------+-------+-------+-------+----------------------
         Total | 100.0 | 100.0 |   0.0 |   0.1 |   0.0 | 200.8
       Dungeon |  97.2 |  97.2 |   0.0 |   0.1 |   0.0 | 208.1
      Ice Cave |   2.8 |   2.8 |   0.0 |   0.0 |   0.0 |  91.0
               +-------+-------+-------+-------+-------+----------------------

Table legend:
 A = Kills in this place as a percentage of kills in entire the game.
 B = Kills by you in this place as a percentage of kills by you in the entire game.
 C = Kills by friends in this place as a percentage of kills by friends in the entire game.
 D = Other kills in this place as a percentage of other kills in the entire game.
 E = Experience gained in this place as a percentage of experience gained in the entire game.
 F = Experience gained in this place divided by the number of levels of this place that you have seen.
                   A       B       C       D       E      F
               +-------+-------+-------+-------+-------+----------------------
         Total | 100.0 | 100.0 |  -nan |  -nan | 100.0 | 1613.2
       Dungeon |  95.1 |  95.1 |  -nan |  -nan |  93.9 | 1616.1
      Ice Cave |   4.9 |   4.9 |  -nan |  -nan |   6.1 | 1571.0
               +-------+-------+-------+-------+-------+----------------------
